 Dungeon Crawl Stone Soup version 0.29-a0-1052-g6990b1bffc (webtiles) character file.

Game seed: 5582995333990341059

51324 ksawer the Severer (level 14, -12/124 HPs)
             Began as a Minotaur Fighter on Aug 17, 2022.
             Was a Priest of Elyvilon.
             Killed from afar by a deep elf pyromancer (30 damage)
             ... with a bolt of fire
             ... on level 2 of the Elven Halls.
             The game lasted 01:00:33 (19192 turns).

ksawer the Severer (Minotaur Fighter)              Turns: 19192, Time: 01:00:34

Health: -12/124    AC: 36    Str: 29    XL:     14   Next: 23%
Magic:  9/24       EV:  8    Int:  7    God:    Elyvilon [***...]
Gold:   1166       SH:  0    Dex: 17    Spells: 13/13 levels left

rFire   . . .      SeeInvis .   t - +6 battleaxe (spect)
rCold   . . .      Faith    .   (shield currently unavailable)
rNeg    + . .      Spirit   .   c - +9 plate armour of the Thistle {Will- Str+4 Int-2 Dex+6}
rPois   +          Reflect  .   (helmet restricted)
rElec   .          Harm     .   b - +1 cloak {Will+}
rCorr   .          Rampage  .   A - +0 pair of gloves of Hadjma {rN+ Will++ MP+9}
Will    +++..      NoTele   +   p - +0 pair of boots
Stlth   ..........              s - amulet "Nofukk" {RegenMP -Tele rPois Int+4 Slay+4}
HPRegen 0.30/turn               i - ring of flight
MPRegen 0.59/turn               f - +4 ring of protection

@: flying
A: horns 2, retaliatory headbutt
a: Renounce Religion, Purification, Heal Other, Heal Self


You were on level 2 of the Elven Halls.
You worshipped Elyvilon.
Elyvilon was most pleased with you.
You visited 4 branches of the dungeon, and saw 17 of its levels.

You collected 2311 gold pieces.
You spent 1145 gold pieces at shops.

Inventory:

Hand Weapons
 t - a +6 spectral battleaxe (weapon)
Missiles
 E - 3 boomerangs of dispersal (quivered)
Armour
 b - a +1 cloak of willpower (worn)
 c - the +9 plate armour of the Thistle (worn) {Will- Str+4 Int-2 Dex+6}
   (You found it on level 1 of the Elven Halls)

   Str:       It affects your strength (+4).
   Int:       It affects your intelligence (-2).
   Dex:       It affects your dexterity (+6).
   Will:      It decreases your willpower.
 p - a +0 pair of boots (worn)
 A - the +0 pair of gloves of Hadjma (worn) {rN+ Will++ MP+9}
   (You found it on level 9 of the Dungeon)

   rN:        It protects you from negative energy.
   MP:        It affects your magic capacity (+9).
   Will:      It greatly increases your willpower.
Jewellery
 f - a +4 ring of protection (right hand)
 i - a ring of flight (left hand)
 j - a +6 ring of dexterity
 s - the amulet "Nofukk" (around neck) {RegenMP -Tele rPois Int+4 Slay+4}
   (You bought it in a shop on level 2 of the Orcish Mines)

   [amulet of magic regeneration]

   It increases your rate of magic regeneration.
   Int:       It affects your intelligence (+4).
   Slay:      It affects your accuracy & damage with ranged weapons and melee
   (+4).
   rPois:     It protects you from poison.
   -Tele:     It prevents most forms of teleportation.
Wands
 d - a wand of paralysis (10)
 e - a wand of mindburst (18)
 n - a wand of polymorph (4)
 q - a wand of iceblast (12)
 x - a wand of light (15)
Scrolls
 g - 4 scrolls of teleportation
 l - a scroll of identify
 v - a scroll of amnesia {unknown}
 y - 3 scrolls of blinking
 B - a scroll of noise {unknown}
Potions
 a - 7 potions of curing
 h - 3 potions of lignification
 k - 2 potions of might
 m - 3 potions of flight
 r - a potion of berserk rage
 C - 2 potions of ambrosia {unknown}
 D - a potion of invisibility {unknown}
Miscellaneous
 o - a piece from Xom's chessboard (10/15)
 z - a phantom mirror (inert)


   Skills:
 + Level 11.4 Fighting
 * Level 20.9(21.1) Axes
 + Level 5.5(14.7) Maces & Flails
 * Level 16.5 Armour
 + Level 4.8 Shields
 + Level 2.8 Invocations
 + Level 1.8 Evocations


You had 13 spell levels left.
You didn't know any spells.
Your spell library contained the following spells:

 Spells                   Type           Power      Damage    Failure   Level
 Apportation              Tloc           0%         N/A       94%         1
 Necrotise                Necr           0%         1d4       94%         1
 Shock                    Conj/Air       0%         1d3       94%         1
 Slow                     Hex            0%         N/A       94%         1
 Summon Small Mammal      Summ           0%         N/A       94%         1
 Ensorcelled Hibernation  Hex/Ice        0%         N/A       98%         2
 Passwall                 Tmut/Erth      0%         N/A       98%         2
 Scorch                   Fire           0%         2d5       98%         2
 Call Canine Familiar     Summ           0%         N/A       100%        3
 Confusing Touch          Hex            0%         N/A       100%        3
 Conjure Flame            Conj/Fire      0%         6-21      100%        3
 Dazzling Flash           Conj/Hex       0%         N/A       100%        3
 Frozen Ramparts          Ice            0%         1d1       100%        3
 Gell's Gravitas          Tloc           0%         N/A       100%        3
 Ignite Poison            Fire/Tmut/Pois 0%         N/A       100%        3
 Portal Projectile        Hex/Tloc       0%         N/A       100%        3
 Swiftness                Air            0%         N/A       100%        3
 Teleport Other           Tloc           0%         N/A       100%        3
 Vampiric Draining        Necr           0%         2d6       100%        3
 Flame Wave               Conj/Fire      0%         2d4       100%        4
 Fulminant Prism          Conj/Hex       0%         3d6       100%        4
 Ice Form                 Ice/Tmut       0%         N/A       100%        4
 Iskenderun's Mystic Bla  Conj/Tloc      0%         2d3       100%        4
 Leda's Liquefaction      Hex/Erth       0%         N/A       100%        4
 Sticky Flame             Conj/Fire      0%         2d3       100%        4
 Summon Ice Beast         Ice/Summ       0%         N/A       100%        4
 Alistair's Intoxication  Tmut/Pois      0%         N/A       100%        5
 Borgnjor's Vile Clutch   Necr/Erth      0%         N/A       100%        5
 Lee's Rapid Deconstruct  Erth           0%         3d5*      100%        5
 Conjure Ball Lightning   Conj/Air       0%         3x3d6     100%        6
 Dispersal                Tloc           0%         N/A       100%        6
 Eringya's Noxious Bog    Tmut/Pois      0%         N/A       100%        6
 Iron Shot                Conj/Erth      0%         9d1       100%        6
 Statue Form              Tmut/Erth      0%         N/A       100%        6
 Summon Cactus Giant      Summ           0%         N/A       100%        6


Dungeon Overview and Level Annotations

Branches:
Dungeon (12/15)            Temple (0/1) D:7            Lair (1/5) D:9
    Orc (2/2) D:12            Elf (2/3) Orc:2

Altars:
Cheibriados
Elyvilon
Gozag
Makhleb
Nemelex Xobeh
Okawaru
Qazlal
Ru
Wu Jian
Yredelemnul
Zin

Shops:
D:1 (   D:4 *   D:6 *(:*   D:10 !   D:12 *   Orc:2 (*[=

Annotations:
D:4 2 runed translucent doors
Lair:1 Harold


Innate Abilities, Weirdness & Mutations

You have a pair of horns on your head.
You reflexively headbutt those who attack you in melee.


Message History

The deep elf pyromancer mumbles some strange words.
The deep elf pyromancer blinks!
The deep elf zephyrmancer gestures at you while chanting.
The bolt of lightning misses you. x2
You are healed.
The fire elemental hits you. The fire elemental burns you!
* * * LOW HITPOINT WARNING * * *
The fire elemental hits you. x2
You hit the deep elf zephyrmancer.
The deep elf zephyrmancer is severely wounded.
You slash the fire elemental!
You destroy the fire elemental!
The fire elemental disappears in a puff of smoke!
You slice the fire elemental!!
Your +6 spectral battleaxe barely misses the fire elemental.
The fire elemental hits you.
You hear a twanging sound.
An arrow appears from out of thin air!
The arrow hits you but does no damage.
You catch the helpless deep elf zephyrmancer completely off-guard!
You cut the deep elf zephyrmancer into ribbons!!!
You kill the deep elf zephyrmancer!
You closely miss the fire elemental.
Your +6 spectral battleaxe hits the fire elemental!
You destroy the fire elemental!
The fire elemental disappears in a puff of smoke!
The deep elf zephyrmancer gestures at you while chanting.
The bolt of lightning hits something!!
Reactivating autopickup.
The bolt of lightning hits you!! Elyvilon protects you from harm!
The bolt of lightning misses you.
You are healed.
The deep elf zephyrmancer casts a spell at you.
The bolt of lightning hits you!!
* * * LOW HITPOINT WARNING * * *
The bolt of lightning misses you.
The deep elf knight casts a spell at you.
The shard of ice misses you.
The deep elf pyromancer gestures at you while chanting.
The bolt of fire hits you!!
You die...

###############
#.........<.#.## ##
.............).###...
...........#........
##e..#####.#.#....
#)........#.#..## ..#
###...#######.#....
######§@)....#####.#.##.
##..○#.##.#......#......
#.)..ee##.#..###.###....
##........E#..## # ###.
........☼☼e....##.#
..<...#.###)......#
..#..#....b.>.##.##
....#.#.##..)......# .
##.°#y#.#####..#


You could see a deep elf knight, a deep elf pyromancer and a deep elf
zephyrmancer.

Vanquished Creatures
  2 orc warlords
  A deep elf annihilator (Elf:1)
  Josephine (D:12)
  Erolcha (D:9)
  A boulder beetle (D:11)
  3 two-headed ogres
  2 centaur warriors (D:11)
  A dancing weapon (Elf:1)
  5 deep elf knights (Elf:1)
  3 orc high priests (Orc:2)
  3 deep elf archers (Elf:1)
  7 orc knights
  11 deep elf pyromancers
  13 deep elf zephyrmancers
  An orc sorcerer (Orc:2)
  2 cyclopes
  2 ugly things
  Maurice (D:9)
  3 unseen horrors
  2 gargoyles (D:12)
  A cane toad (shapeshifter) (Elf:2)
  An efreet (D:11)
  2 komodo dragons (D:12)
  A kobold demonologist (D:12)
  10 trolls
  Grinder (D:6)
  A hornet (D:9)
  A jumping spider (Elf:1)
  2 water elementals
  7 wraiths (D:12)
  4 wyverns
  13 yaks (D:9)
  A shadow (D:11)
  2 vampires
  A golden eye (shapeshifter) (Elf:1)
  2 basilisks
  A hog (shapeshifter) (D:11)
  A fire elemental (Elf:1)
  4 humans (D:9)
  3 steam dragons
  7 wargs
  8 vampire mosquitoes
  3 acid dragons
  7 water moccasins
  2 ice beasts
  34 orc warriors
  A swamp drake (D:12)
  3 sky beasts
  11 ogres
  4 centaurs
  2 kobold brigands (D:9)
  2 necrophages
  2 bullfrogs
  A water moccasin zombie (D:3)
  A scorpion (D:7)
  An earth elemental (Elf:1)
  5 wights (D:10)
  18 killer bees
  An electric eel (D:6)
  2 howler monkeys
  A crimson imp (D:6)
  2 quasits (D:7)
  5 jellies
  15 orc priests
  A gnoll bouda (D:7)
  Crazy Yiuf (D:3)
  A hound (D:5)
  Jessica (D:2)
  4 iguanas
  19 orc wizards
  A mummy (D:5)
  Robin (D:2)
  10 gnolls
  7 adders
  2 shadow imps
  3 ufetubi (D:7)
  2 worms
  2 dart slugs (D:2)
  65 orcs
  8 endoplasms
  3 giant cockroaches
  11 hobgoblins
  6 jackals (D:5)
  A quokka (D:1)
  16 ball pythons
  3 bats (D:2)
  3 frilled lizards (D:1)
  14 goblins
  21 kobolds
  A quokka zombie (D:3)
  8 rats
477 creatures vanquished.

Vanquished Creatures (collateral kills)
  An orc wizard (Orc:1)
1 creature vanquished.

Vanquished Creatures (others)
  A deep elf sorcerer (Elf:2)
  3 deep elf knights
  2 orc wizards
  A white imp (D:7)
  3 bushes (D:9)
  2 demonic plants (D:7)
  24 fungi
  33 plants
69 creatures vanquished.

Grand Total: 547 creatures vanquished

Notes
Turn   | Place    | Note
-------+----------+-------------------------------------------
     0 | D:1      | ksawer the Minotaur Fighter began the quest for the Orb.
     0 | D:1      | Reached XP level 1. HP: 19/19 MP: 0/0
   429 | D:1      | Reached XP level 2. HP: 27/27 MP: 1/1
   644 | D:1      | Reached skill level 3 in Axes
   675 | D:1      | Found Ruafaoly's Weapon Emporium.
  1105 | D:2      | Reached XP level 3. HP: 21/33 MP: 2/2
  1395 | D:2      | HP: 1/33 [something (2)]
  1397 | D:2      | Reached skill level 4 in Axes
  1397 | D:2      | Reached XP level 4. HP: 2/40 MP: 3/3
  1938 | D:2      | Noticed Robin
  1958 | D:2      | Killed Robin
  2452 | D:2      | Reached skill level 5 in Armour
  2452 | D:2      | Reached XP level 5. HP: 41/46 MP: 4/4
  2522 | D:2      | Noticed Jessica
  2526 | D:2      | Killed Jessica
  2731 | D:3      | Reached skill level 5 in Axes
  3052 | D:3      | Found a glowing silver altar of Zin.
  3085 | D:3      | Found a white marble altar of Elyvilon.
  3089 | D:3      | Became a worshipper of Elyvilon the Healer
  3183 | D:3      | Found an ornate altar of the Wu Jian Council.
  3186 | D:3      | Found a snail-covered altar of Cheibriados.
  3190 | D:3      | Found a sacrificial altar of Ru.
  3274 | D:3      | Found a runed translucent door.
  3275 | D:3      | Noticed Crazy Yiuf
  3292 | D:3      | Killed Crazy Yiuf
  3295 | D:3      | Identified the +5 hammer "Zoczisot" {vamp, rCorr Int+3
                  | Dex+3}
  3565 | D:3      | Reached XP level 6. HP: 41/53 MP: 5/5
  3638 | D:3      | Found a basalt altar of Yredelemnul.
  3687 | D:3      | Found a faded altar of an unknown god.
  3852 | D:4      | Found a large runed translucent door.
  3852 | D:4      | Noticed a steam dragon
  3853 | D:4      | Found a large runed translucent door.
  3857 | D:4      | Found a large runed translucent door.
  3857 | D:4      | Found a large runed translucent door.
  4097 | D:4      | Found a sparkling altar of Nemelex Xobeh.
  4192 | D:4      | Reached * piety under Elyvilon
  4372 | D:4      | Reached skill level 1 in Maces & Flails
  4547 | D:4      | Noticed a sky beast
  4558 | D:4      | Killed a sky beast
  4559 | D:4      | Reached skill level 6 in Axes
  4559 | D:4      | Reached XP level 7. HP: 34/60 MP: 6/6
  4777 | D:4      | Found Xerchiq's Assorted Antiques.
  4883 | D:4      | Killed a steam dragon
  5039 | D:4      | Identified the +1 robe "Zotusis" {Drain rPois Will++
                  | Stlth+}
  5115 | D:5      | Entered Level 5 of the Dungeon
  5221 | D:5      | Noticed a steam dragon
  5231 | D:5      | Killed a steam dragon
  5763 | D:5      | Reached ** piety under Elyvilon
  5771 | D:5      | Reached XP level 8. HP: 28/67 MP: 7/7
  6771 | D:6      | Found Qiotsece's Book Shop.
  6794 | D:6      | Reached *** piety under Elyvilon
  6813 | D:6      | Noticed Grinder
  6821 | D:6      | Paralysed by Grinder for 5 turns
  6843 | D:6      | Killed Grinder
  6844 | D:6      | Reached skill level 5 in Fighting
  7013 | D:6      | Found an opulent altar of Gozag.
  7015 | D:6      | Found Gozag's Platinum Reserve.
  7060 | D:6      | Found Delif's Weapon Emporium.
  7063 | D:6      | Bought a +3 vorpal battleaxe for 373 gold pieces
  7103 | D:6      | Found Nofukon's Assorted Antiques.
  7132 | D:6      | Found a burning altar of Makhleb.
  7148 | D:6      | Reached skill level 5 in Maces & Flails
  7270 | D:6      | Found a stormy altar of Qazlal.
  7370 | D:6      | Reached skill level 7 in Axes
  7979 | D:7      | Reached XP level 9. HP: 45/74 MP: 8/8
  8177 | D:7      | Reached skill level 8 in Axes
  8248 | D:7      | Reached skill level 10 in Armour
  8263 | D:7      | Found a staircase to the Ecumenical Temple.
  8272 | D:7      | Reached **** piety under Elyvilon
  8380 | D:7      | Noticed a troll
  8388 | D:7      | Killed a troll
  8891 | D:8      | Reached skill level 9 in Axes
  8964 | D:8      | Reached skill level 10 in Axes
  9139 | D:8      | Found an iron altar of Okawaru.
  9398 | D:9      | Reached XP level 10. HP: 81/83 MP: 9/9
  9456 | D:9      | Reached skill level 11 in Axes
  9768 | D:9      | Identified the +0 pair of gloves of Hadjma {rN+ Will++
                  | MP+9}
 10027 | D:9      | Found a staircase to the Lair.
 10036 | D:9      | Reached skill level 12 in Axes
 10067 | Lair:1   | Entered Level 1 of the Lair of Beasts
 10067 | Lair:1   | Noticed Harold
 10067 | Lair:1   | Noticed an elephant
 10067 | Lair:1   | Noticed an elephant
 10067 | Lair:1   | Noticed an elephant
 10108 | D:9      | Noticed a two-headed ogre
 10114 | D:9      | Killed a two-headed ogre
 10115 | D:9      | Reached skill level 13 in Axes
 10130 | D:9      | Reached XP level 11. HP: 91/92 MP: 10/10
 10172 | D:9      | Noticed Maurice
 10177 | D:9      | Killed Maurice
 10446 | D:9      | Noticed Erolcha
 10458 | D:9      | Killed Erolcha
 10459 | D:9      | Reached skill level 14 in Axes
 10726 | D:10     | Entered Level 10 of the Dungeon
 10818 | D:10     | Reached ***** piety under Elyvilon
 11210 | D:10     | Identified the +9 sling "Honedd" {venom, rCorr}
 11229 | D:10     | Found Vuovvac's Distillery.
 11274 | D:10     | Noticed a two-headed ogre
 11281 | D:10     | Killed a two-headed ogre
 11854 | D:10     | Reached skill level 15 in Axes
 12230 | D:11     | Noticed a boulder beetle
 12244 | D:11     | Killed a boulder beetle
 12568 | D:11     | Noticed an orc knight
 12575 | D:11     | Killed an orc knight
 12644 | D:11     | Noticed a centaur warrior
 12647 | D:11     | Killed a centaur warrior
 12648 | D:11     | Reached skill level 16 in Axes
 12871 | D:11     | Reached XP level 12. HP: 93/103 MP: 11/11
 13043 | D:11     | Noticed a centaur warrior
 13049 | D:11     | Killed a centaur warrior
 13270 | D:12     | Reached ****** piety under Elyvilon
 13292 | D:12     | Noticed Josephine
 13298 | D:12     | Noticed a two-headed ogre
 13302 | D:12     | Killed Josephine
 13309 | D:12     | Reached skill level 17 in Axes
 13314 | D:12     | Killed a two-headed ogre
 13697 | D:12     | Found Ceajasuf's Serpentskin Sales.
 14205 | D:12     | Found a staircase to the Orcish Mines.
 14278 | Orc:1    | Entered Level 1 of the Orcish Mines
 14288 | Orc:1    | Reached skill level 18 in Axes
 14314 | Orc:1    | Noticed an orc warlord
 14317 | Orc:1    | Reached skill level 15 in Armour
 14322 | Orc:1    | Killed an orc warlord
 14631 | Orc:2    | Entered Level 2 of the Orcish Mines
 14636 | Orc:2    | Found Tyffofu's Antique Armour Emporium.
 14688 | Orc:2    | Noticed an orc high priest
 14941 | Orc:2    | Killed an orc high priest
 14942 | Orc:2    | Reached XP level 13. HP: 106/113 MP: 12/12
 15015 | Orc:2    | Found Mooligaega's General Store.
 15204 | Orc:2    | Noticed an orc warlord
 15204 | Orc:2    | Found Zidaduci's Antique Weapon Shop.
 15293 | Orc:1    | Reached skill level 1 in Evocations
 15500 | Orc:1    | Reached skill level 10 in Fighting
 15512 | Orc:1    | You are sucked into a shaft and drop 1 floor!
 15526 | Orc:2    | Found a staircase to the Elven Halls.
 15536 | Orc:2    | Reached skill level 19 in Axes
 15754 | Orc:2    | Reached skill level 1 in Invocations
 15935 | Orc:2    | Found Odachar's Jewellery Boutique.
 15946 | Orc:2    | Bought the amulet "Nofukk" {RegenMP -Tele rPois Int+4
                  | Slay+4} for 772 gold pieces
 16218 | Orc:2    | Killed an orc warlord
 17004 | Elf:1    | Entered Level 1 of the Elven Halls
 17191 | Elf:1    | Reached skill level 20 in Axes
 17452 | Elf:1    | Identified the +9 plate armour of the Thistle {Will- Str+4
                  | Int-2 Dex+6}
 17876 | Elf:1    | Identified the +1 robe of Vyuh {rElec rPois Dex-3 Slay+5}
 18033 | Elf:1    | Noticed a deep elf annihilator
 18042 | Elf:1    | Killed a deep elf annihilator
 18062 | Elf:1    | HP: 5/116 [earth elemental (10)]
 18079 | Elf:1    | Reached XP level 14. HP: 58/124 MP: 14/14
 18319 | Elf:1    | Got the Volume of Battling
 19141 | Elf:2    | Noticed a deep elf sorcerer
 19175 | Elf:2    | HP: 2/124 [something (24)]
 19176 | Elf:2    | Killed a deep elf sorcerer
 19187 | Elf:2    | HP: 3/124 [something/shard of ice (26)]
 19187 | Elf:2    | Elyvilon protects you from harm!
 19191 | Elf:2    | Elyvilon protects you from harm!
 19192 | Elf:2    | Killed from afar by a deep elf pyromancer

Illustrated notes

Levels and vault maps discovered:
D:1:      reono_arrival_mine, layout_loops_corners, serial_shops,
          nicolae_shop_bloodbath_and_beyond
D:2:      layout_basic, uniq_jessica, uniq_robin
D:3:      layout_rooms, lemuel_zombie_altar_yredelemnul, zin_statuary,
          grunt_temple_overflow_diamond, marbit_many_paths,
          dilly_ecumenical_altar_fadedgnrine, uniq_crazy_yiuf_cottage
D:4:      layout_basic, kennysheep_mini, serial_shops, nicolae_lakefront_shop,
          nrook_mini_vaults, minivault_1, serial_bayou_pond_e,
          minmay_hollow_rounded_squares
D:5:      layout_gridville, gup_ossuary_entry_pyramid
D:6:      layout_loops_ring, nicolae_gozag_zags_fifth_avenue,
          makhleb_grotto_becter, general_overflow_altar, serial_shops, shop,
          nicolae_shop_behind_doors, nicolae_shop_advertising_works
          [nicolae_subvault_shop_adworks], serial_bayou_pond_a,
          serial_bayou_pond_c, uniq_grinder
D:7:      layout_basic, minmay_temple_entry_drinking_statues, serial_demonic,
          serial_demonic_f, serial_demonic_g, serial_demonic_e,
          serial_demonic_e, serial_demonic_f, serial_demonic_b
D:8:      layout_cave_pools, nicolae_overflow_crystal_walls
D:9:      layout_roguey, minmay_lair_entry_grove, minmay_ruffians, uniq_erolcha,
          uniq_maurice
D:10:     layout_grid_maze, serial_shops, nicolae_shop_behind_doors
D:11:     layout_gridville, hex_tiny, chequers_serial_rivers_micro_c,
          minmay_shattered_shrine
D:12:     layout_cave_pools, erik_orc_1, kennysheep_big_empty_room,
          guppyfry_shop_venom, uniq_josephine
Lair:1:   layout_cave_shapes, grunt_megastairs_5, uniq_harold
Orc:1:    layout_diamond_mine
Orc:2:    grunt_orc_gardens, layout_diamond_mine, grunt_orc_garden,
          grunt_orc_garden, grunt_orc_garden, grunt_orc_garden,
          bh_open_orc_temple
Elf:1:    nicolae_elf_arrival_fired_up, layout_gridlike, minmay_elf_annihilation
Elf:2:    nicolae_elf_blades_splatter_lattice [nooodl_blade_entry_preview],
          layout_loops_cross, serial_shops, shop_statue, enter_trove_5,
          guppyfry_elf_altar

Skill      XL: |  1  2  3  4  5  6  7  8  9 10 11 12 13 |
---------------+----------------------------------------+-----
Armour         | 4 5 6 7 9 11 12 13 15 16 | 16.5
Axes           | 3 4 5 6 7 10 13 16 18 20 | 20.9
Shields        | 4 |  4.8
Fighting       | 4 5 6 7 8 9 11 | 11.4
Maces & Flails | 2 4 5 |  5.5
Evocations     | 1 |  1.8
Invocations    | 2 |  2.8

Action                   |  1- 3 |  4- 6 |  7- 9 | 10-12 | 13-15 || total
-------------------------+-------+-------+-------+-------+-------++-------
Melee: War axe           |    92 |    79 |       |       |       ||   171
       Headbutt          |     6 |    14 |    39 |    59 |    41 ||   159
       Mace              |       |    69 |   101 |       |       ||   170
       Battleaxe         |       |       |    97 |   319 |   196 ||   612
Invok: Heal Self         |       |       |     1 |     2 |    25 ||    28
Evoke: Wand              |       |       |     3 |     4 |     9 ||    16
       Piece from Xom's  |       |       |       |     6 |    11 ||    17
       Phantom mirror    |       |       |       |     1 |     1 ||     2
  Use: Scroll            |     4 |     7 |    13 |     6 |     1 ||    31
       Potion            |       |     3 |     1 |     2 |     6 ||    12
 Stab: Distracted        |       |       |       |     4 |     2 ||     6
       Confused          |       |       |       |     2 |       ||     2
       Invisible         |       |       |       |       |     2 ||     2
Armor: Scale mail        |    54 |    28 |       |       |       ||    82
       Plate armour      |       |    46 |   296 |   261 |   189 ||   792
Dodge: Dodged            |    40 |    48 |   128 |   120 |    93 ||   429
Block: Buckler           |    16 |    27 |    21 |       |       ||    64

Table legend: (Time is in decaauts)
 A = Elapsed time spent in this place.
 B = Non-inter-level travel time spent in this place.
 C = Inter-level travel time spent in this place.
 D = Time resting spent in this place.
 E = Time spent auto-exploring this place.
 F = Levels seen in this place.
 G = Mean time per level.
                   A        B        C        D        E       F      G
               +--------+--------+--------+--------+--------+-----+--------+
         Total |  19207 |  18508 |    699 |   1727 |  13324 |  17 | 1129.8 |
       Dungeon |  14378 |  13850 |    528 |    786 |  10791 |  12 | 1198.2 |
          Lair |      1 |      1 |      0 |      0 |      0 |   1 |    1.0 |
  Orcish Mines |   2670 |   2526 |    144 |    556 |   1263 |   2 | 1335.0 |
   Elven Halls |   2156 |   2129 |     27 |    385 |   1270 |   2 | 1078.0 |
               +--------+--------+--------+--------+--------+-----+--------+

Top non-repeatable levels by time:
   Elf:1: 1947 daAuts
     D:2: 1652 daAuts
   Orc:2: 1439 daAuts
     D:4: 1415 daAuts
     D:9: 1368 daAuts
     D:6: 1295 daAuts
    D:11: 1267 daAuts
   Orc:1: 1230 daAuts
     D:5: 1215 daAuts
    D:10: 1205 daAuts
     D:7: 1204 daAuts
     D:1: 1117 daAuts
    D:12: 1058 daAuts
     D:3: 1009 daAuts
     D:8: 568 daAuts
